 Dungeon Crawl Stone Soup version 0.28-a0-46-g7b1be97da7 (webtiles) character file.

Game seed: 4557503105105328090

336 Goblin1989 the Ruffian (level 6, -3/61 HPs)
             Began as a Troll Fighter on July 30, 2021.
             Succumbed to a scorpion's poison
             ... on level 4 of the Dungeon.
             The game lasted 00:02:43 (2102 turns).

Goblin1989 the Ruffian (Troll Fighter)              Turns: 2102, Time: 00:02:44

Health: -3/61      AC:  4    Str: 25    XL:     6   Next: 28%
Magic:  5/5        EV:  8    Int:  4    God:
Gold:   123        SH:  9    Dex: 11    Spells: 5/5 levels left

rFire   . . .      SeeInvis .     - Unarmed
rCold   . . .      Faith    .   b - +0 kite shield
rNeg    . . .      Spirit   .   a - +0 robe
rPois   .          Reflect  .   (helmet restricted)
rElec   .          Harm     .   d - scarf {shadows}
rCorr   .          Rampage  .   (gloves unavailable)
Will    .....                   (boots unavailable)
Stlth   +.........              (no amulet)
HPRegen 1.20/turn               (no ring)
MPRegen 0.09/turn               (no ring)

@: lethally poisoned (-3 -> -25)
A: large, unfitting armour, claws 3, regeneration 1, shaggy fur 1, tough skin 1
a: no special abilities


You were on level 4 of the Dungeon.
You visited 1 branch of the dungeon, and saw 4 of its levels.

You collected 123 gold pieces.

Inventory:

Armour
 a - a +0 robe (worn)
 b - a +0 kite shield (worn)
 d - a scarf of shadows (worn)
Scrolls
 e - a scroll of teleportation {unknown}
 f - 3 scrolls of identify {unknown}
 g - a scroll of acquirement {unknown}
 i - a scroll of holy word {unknown}
 k - a scroll of enchant armour {unknown}
 l - a scroll of brand weapon {unknown}
 n - a scroll of fog {unknown}
 o - a scroll of noise {unknown}
Potions
 c - a potion of might {@q4}
 h - a potion of brilliance {unknown}
 j - a potion of flight {unknown}
 m - a potion of curing {unknown}


   Skills:
 + Level 3.4 Fighting
 + Level 3.3 Dodging
 + Level 3.3 Shields
 * Level 4.4 Unarmed Combat


You had 5 spell levels left.
You didn't know any spells.
Your spell library was empty.

Dungeon Overview and Level Annotations

Branches:
Dungeon (4/15)
 Temple: D:4-7

Altars:


Innate Abilities, Weirdness & Mutations

You are too large for most types of armour.
You have claws for hands.
Your natural rate of healing is unusually fast.
You are covered in fur. (AC +1)
You have tough skin. (AC +1)


Message History

No target in view!
No target in view!
No target in view!
No target in view!
Found a club.
You see here a +0 club.
Done exploring.
Done exploring.
Done exploring.
Done exploring.
Done exploring.
Done exploring.
(D) Dungeon
Where to? (Enter - D:3, ? - help)
There is a stone staircase leading down here.
You climb downwards.
A hobgoblin comes into view.
There is a stone staircase leading up here.
The helpless hobgoblin fails to defend itself.
You claw the hobgoblin!
You kill the hobgoblin!
No target in view!
No target in view!
No target in view!
No target in view!
A scorpion comes into view.
A scorpion is nearby!
A scorpion is nearby!
The scorpion stings you.
You take 5 damage, and have 56/61 hp.
You scratch the scorpion.
The scorpion is moderately wounded.
You block the scorpion's attack. The scorpion stings you.
You are poisoned.
The scorpion poisons you!
You take 2 damage, and have 54/61 hp.
You barely miss the scorpion.
The scorpion is moderately wounded.
You feel very sick. The scorpion stings you.
You are more poisoned.
The scorpion poisons you!
You take 8 damage, and have 46/61 hp.
You scratch the scorpion.
The scorpion is moderately wounded.
You feel very sick. The scorpion stings you!
You are more poisoned.
The scorpion poisons you!
You take 12 damage, and have 34/61 hp.
You are too injured to fight recklessly!
You are too injured to fight recklessly!
You are too injured to fight recklessly!
You are too injured to fight recklessly!
You are too injured to fight recklessly!
You are too injured to fight recklessly!
You are too injured to fight recklessly!
You are too injured to fight recklessly!
You are too injured to fight recklessly!
You are too injured to fight recklessly!
You are too injured to fight recklessly!
You are too injured to fight recklessly!
You are too injured to fight recklessly!
You are too injured to fight recklessly!
You are too injured to fight recklessly!
You are too injured to fight recklessly!
You are too injured to fight recklessly!
You are too injured to fight recklessly!
You are too injured to fight recklessly!
You claw the scorpion!
The scorpion is almost dead.
You feel extremely sick.
The scorpion stings you but does no damage.
You block the scorpion's attack.
You take 7 damage, and have 27/61 hp.
You scratch the scorpion but do no damage.
The scorpion is almost dead.
You feel extremely sick.
The scorpion stings you but does no damage.
You take 6 damage, and have 21/61 hp.
You barely miss the scorpion.
The scorpion is almost dead.
You feel very sick. The scorpion stings you.
* * * LOW HITPOINT WARNING * * *
You are lethally poisoned!
The scorpion poisons you! You block the scorpion's attack.
You take 8 damage, and have 13/61 hp.
You completely miss the scorpion.
The scorpion is almost dead.
* * * LOW HITPOINT WARNING * * *
You feel extremely sick. The scorpion stings you.
* * * LOW HITPOINT WARNING * * *
You are more poisoned.
The scorpion poisons you!
You take 9 damage, and have 4/61 hp.
You claw the scorpion!
You kill the scorpion!
You die...

... ...
... █.█
█.█ █
█.██.████
█.@†.....
█.██.████
█<█ █ █.█
█.█ █..
... █.██
█.█


There were no monsters in sight!

Vanquished Creatures
  Sigmund (D:2)
  A scorpion (D:4)
  A bullfrog zombie (D:3)
  Jessica (D:2)
  2 gnolls (D:1)
  3 adders (D:3)
  A shadow imp (D:3)
  A worm (D:2)
  2 dart slugs (D:3)
  3 endoplasms
  2 giant cockroaches
  7 goblins
  6 hobgoblins
  6 jackals
  3 quokkas
  5 ball pythons
  3 bats
  A frilled lizard (D:3)
  5 kobolds
  5 rats
59 creatures vanquished.

Notes
Turn   | Place    | Note
-------+----------+-------------------------------------------
     0 | D:1      | Goblin1989 the Troll Fighter began the quest for the Orb.
     0 | D:1      | Reached XP level 1. HP: 22/22 MP: 0/0
   225 | D:1      | Reached XP level 2. HP: 28/29 MP: 1/1
   301 | D:1      | Found a faded altar of an unknown god.
   462 | D:1      | Reached XP level 3. HP: 27/36 MP: 2/2
   847 | D:2      | Reached skill level 3 in Unarmed Combat
   967 | D:2      | Noticed Jessica
   970 | D:2      | Killed Jessica
   971 | D:2      | Reached XP level 4. HP: 44/44 MP: 3/3
  1022 | D:2      | Noticed Sigmund
  1049 | D:2      | Killed Sigmund
  1050 | D:2      | Reached skill level 4 in Unarmed Combat
  1050 | D:2      | Reached XP level 5. HP: 16/53 MP: 4/4
  1725 | D:3      | Reached XP level 6. HP: 61/61 MP: 5/5
  2102 | D:4      | Succumbed to a scorpion's poison

Illustrated notes

Levels and vault maps discovered:
D:1:      scummos_arrival_simple_crosswalls, layout_loops_cross,
          hellmonk_ecumenical_altar_run_dry, nrook_uturn
D:2:      layout_loops_corners, uniq_sigmund, uniq_jessica
D:3:      minmay_wonky_spiral, layout_basic
D:4:      layout_loops_ring, minmay_temple_entry_overgrown,
          nicolae_shop_sticking_my_neck_out, uniq_eustachio

Skill      XL: |  1  2  3  4 |
---------------+-------------+-----
Unarmed Combat | 3 4 |  4.4
Fighting       | 3 |  3.4
Dodging        | 3 |  3.3
Shields        | 3 |  3.3

Action                   |  1- 3 |  4- 6 || total
-------------------------+-------+-------++-------
Melee: Unarmed           |    74 |    97 ||   171
 Stab: Sleeping          |     1 |     3 ||     4
Armor: Robe              |    25 |    23 ||    48
Dodge: Dodged            |    14 |    24 ||    38
Block: Kite shield       |    40 |    37 ||    77

Table legend: (Time is in decaauts)
 A = Elapsed time spent in this place.
 B = Non-inter-level travel time spent in this place.
 C = Inter-level travel time spent in this place.
 D = Time resting spent in this place.
 E = Time spent auto-exploring this place.
 F = Levels seen in this place.
 G = Mean time per level.
                   A        B        C        D        E       F      G
               +--------+--------+--------+--------+--------+-----+--------+
         Total |   2125 |   2083 |     42 |      0 |   1722 |   4 |  531.2 |
       Dungeon |   2125 |   2083 |     42 |      0 |   1722 |   4 |  531.2 |
               +--------+--------+--------+--------+--------+-----+--------+

Top non-repeatable levels by time:
     D:2: 909 daAuts
     D:1: 683 daAuts
     D:3: 521 daAuts
     D:4: 11 daAuts
